 Dungeon Sprint DCSS version 0.29-a0-384-g6960b1960d (webtiles) character file.

Game seed: 14887525041768427673

259 mhtbhm the Cleaver (level 5, -2/53 HPs)
             Began as a Draconian Berserker on May 7, 2022.
             Was a High Priest of Trog.
             Slain by a gnoll sergeant
             ... wielding a +1 vampiric spear
              (15 damage)
             ... in the Dungeon (Sprint VII: "The Pits").
             The game lasted 00:00:56 (429 turns).

mhtbhm the Cleaver (Draconian Berserker)             Turns: 429, Time: 00:00:57

Health: -2/53      AC:  5    Str: 21    XL:     5   Next: 95%
Magic:  5/5        EV: 14    Int:  8    God:    Trog [*****.]
Gold:   0          SH:  0    Dex: 10    Spells: 4/4 levels left

rFire   . . .      SeeInvis .   a - +1 hand axe (vorpal)
rCold   . . .      Faith    .   (no shield)
rNeg    . . .      Spirit   .   (body armour unavailable)
rPois   .          Reflect  .   (helmet restricted)
rElec   .          Harm     .   (no cloak)
rCorr   .          Rampage  .   (no gloves)
Will    .....      NoTele   +   (no boots)
Stlth   +.........              (no amulet)
HPRegen 0.17/turn               (no ring)
MPRegen 0.09/turn               (no ring)

@: on berserk cooldown, slowed, very slow
A: AC +5, unfitting armour, cold-blooded
a: Renounce Religion, Berserk, Trog's Hand, Brothers in Arms


You were in the Dungeon.
You worshipped Trog.
Trog was extremely pleased with you.
You visited 1 branch

Inventory:

Hand Weapons
 a - a +1 vorpal hand axe (weapon)
Scrolls
 g - a scroll of blinking
 i - a scroll of summoning
Potions
 b - 5 potions of curing
 c - 3 potions of heal wounds
 d - a potion of haste
 e - 4 potions of magic
 f - 3 potions of berserk rage
 h - 2 potions of invisibility


   Skills:
 + Level 7.8 Fighting
 + Level 8.2 Axes
 + Level 7.0 Dodging
 + Level 1.1 Stealth


You had 4 spell levels left.
You didn't know any spells.
Your spell library was empty.

Dungeon Overview and Level Annotations

Branches:
Dungeon (1/1)

Altars:
Cheibriados
Dithmenos
Elyvilon
Fedhas
Gozag
Hepliaklqana
Makhleb
Nemelex Xobeh
Okawaru
Qazlal
Ru
Sif Muna
Trog
Wu Jian
Xom
Yredelemnul
Zin
The Shining One
Jiyva


Innate Abilities, Weirdness & Mutations

Your plain brown scales are hard. (AC +5)
You cannot fit into any form of body armour.
You are cold-blooded and may be slowed by cold attacks.


Message History

You hit the gnoll sergeant.
The gnoll sergeant is lightly wounded.
You hit the gnoll.
You kill the gnoll!
Trog accepts your kill.
The gnoll sergeant hits you but does no damage.
You closely miss the gnoll sergeant.
The gnoll sergeant is lightly wounded.
The gnoll sergeant hits you with a +1 vampiric spear! x2
Unknown command.
Okay, then.
Unknown command.
You hit the gnoll sergeant.
Your tail-slap misses the gnoll sergeant.
The gnoll sergeant is heavily wounded.
The gnoll sergeant hits you with a +1 vampiric spear!
The gnoll sergeant draws strength from your wounds!
Unknown command.
You hit the gnoll sergeant but do no damage.
You punch the gnoll sergeant.
The gnoll sergeant is moderately wounded.
The gnoll sergeant hits you with a +1 vampiric spear.
The gnoll sergeant draws strength from your wounds!
Unknown command.
You feel better.
The gnoll sergeant hits you with a +1 vampiric spear!
The gnoll sergeant draws strength from your wounds!
The gnoll sergeant hits you with a +1 vampiric spear!
* * * LOW HITPOINT WARNING * * *
Unknown command.
You feel much better.
The gnoll sergeant hits you with a +1 vampiric spear.
The gnoll sergeant draws strength from your wounds!
You hit the gnoll sergeant.
The gnoll sergeant is moderately wounded.
The gnoll sergeant hits you with a +1 vampiric spear.
* * * LOW HITPOINT WARNING * * *
The gnoll sergeant draws strength from your wounds!
The gnoll sergeant hits you with a +1 vampiric spear!
You die...

#.#..#...#.#####'##
#.#..#####.##......
#.#.÷'...#.##......
#.#.÷'...).##......
#.#.÷########...<..
#.#..'.)))[##......
#)#..#.)))[##......
#)###########......
#)@g....# #######
#..###..# #...
##.## ... ..# ...
####


You could see a gnoll sergeant.

Vanquished Creatures
  A fire bat (D)
  An orc priest (D)
  3 gnolls (D)
  An adder (D)
  3 river rats (D)
  An ufetubus (D)
  3 orcs (D)
  A bat zombie (D)
  An endoplasm (D)
  A goblin (D)
  7 jackals (D)
  A kobold (D)
  A frilled lizard (D)
25 creatures vanquished.

Notes
Turn   | Place    | Note
-------+----------+-------------------------------------------
     0 | D        | mhtbhm the Draconian Berserker began the quest for the Orb.
     0 | D        | Reached XP level 1. HP: 19/19 MP: 1/1
    21 | D        | Reached ** piety under Trog
    26 | D        | Found a bloodstained altar of Trog.
    26 | D        | Found a shimmering blue altar of Sif Muna.
    26 | D        | Found a viscous altar of Jiyva.
    26 | D        | Found a hazy altar of Hepliaklqana.
    26 | D        | Found an opulent altar of Gozag.
    64 | D        | Reached XP level 2. HP: 25/27 MP: 2/2
    66 | D        | Reached *** piety under Trog
   114 | D        | Reached skill level 4 in Axes
   129 | D        | Reached **** piety under Trog
   135 | D        | Reached skill level 5 in Fighting
   135 | D        | Reached XP level 3. HP: 14/36 MP: 3/3
   137 | D        | Reached skill level 5 in Axes
   367 | D        | Found a glowing golden altar of the Shining One.
   367 | D        | Found a glowing silver altar of Zin.
   367 | D        | Found a basalt altar of Yredelemnul.
   367 | D        | Found a shimmering altar of Xom.
   367 | D        | Found an ornate altar of the Wu Jian Council.
   367 | D        | Found a sacrificial altar of Ru.
   367 | D        | Found a stormy altar of Qazlal.
   367 | D        | Found an iron altar of Okawaru.
   367 | D        | Found a sparkling altar of Nemelex Xobeh.
   367 | D        | Found a burning altar of Makhleb.
   367 | D        | Found a blossoming altar of Fedhas.
   367 | D        | Found a white marble altar of Elyvilon.
   367 | D        | Found a shadowy altar of Dithmenos.
   367 | D        | Found a snail-covered altar of Cheibriados.
   391 | D        | Noticed a fire bat
   394 | D        | Reached ***** piety under Trog
   402 | D        | Killed a fire bat
   403 | D        | Reached skill level 7 in Axes
   403 | D        | Reached XP level 4. HP: 47/47 MP: 4/4
   403 | D        | Reached XP level 5. HP: 52/52 MP: 5/5
   403 | D        | Received a gift from Trog
   407 | D        | Reached skill level 1 in Stealth
   410 | D        | Reached skill level 8 in Axes
   429 | D        | Slain by a gnoll sergeant

Illustrated notes

Levels and vault maps discovered:
D:        pitsprint [storerooms_1, entrance_room_1, metal_vault_5, armoury_1,
          mini_pit_1, grid_room_1, main_hall_1, silver_pit, the_coven_1,
          the_vestibule_1, steel_vault_4, golden_pit, hallway_of_sentries,
          crystal_vault_1, iron_vault_1, final_vault]

Skill      XL: |  1  2  3  4  5 |
---------------+----------------+-----
Dodging        | 3 4 6 7 |  7.0
Fighting       | 4 5 7 |  7.8
Axes           | 4 7 8 |  8.2
Stealth        | 1 |  1.1

Action                   |  1- 3 |  4- 6 || total
-------------------------+-------+-------++-------
Melee: Hand axe          |    43 |    21 ||    64
       Tailslap          |     2 |       ||     2
       Punch             |     1 |     1 ||     2
Invok: Berserk           |     2 |       ||     2
  Use: Potion            |       |     4 ||     4
Armor: Skin              |    12 |     6 ||    18
Dodge: Dodged            |    30 |    19 ||    49

Table legend: (Time is in decaauts)
 A = Elapsed time spent in this place.
 B = Non-inter-level travel time spent in this place.
 C = Inter-level travel time spent in this place.
 D = Time resting spent in this place.
 E = Time spent auto-exploring this place.
 F = Levels seen in this place.
 G = Mean time per level.
                   A        B        C        D        E       F      G
               +--------+--------+--------+--------+--------+-----+--------+
         Total |    441 |    441 |      0 |     38 |    220 |   1 |  441.0 |
       Dungeon |    441 |    441 |      0 |     38 |    220 |   1 |  441.0 |
               +--------+--------+--------+--------+--------+-----+--------+

Top non-repeatable levels by time:
       D: 441 daAuts
